 Dungeon Crawl Stone Soup version 0.31.0-32-g396128a36d (webtiles) character file.

Game seed: 10421929863566177885

86268 yey the Tortoise (level 15, -1/92 HPs)
             Began as a Gargoyle Fighter on Apr 22, 2024.
             Was a High Priest of Hepliaklqana.
             Killed from afar by a will-o-the-wisp (18 damage)
             ... with a foxfire
             ... on level 1 of the Swamp.
             The game lasted 01:04:40 (18700 turns).

yey the Tortoise (Gargoyle Fighter)                Turns: 18700, Time: 01:04:41

Health: -1/92      AC: 33    Str: 27    XL:     15   Next: 86%
Magic:  12/13      EV: 10    Int: 11    God:    Hepliaklqana [*****.]
Gold:   317        SH: 19    Dex: 12    Spells: 14/14 levels left

rFire   . . .        U - +2 war axe (flame)
rCold   x . .        m - +4 kite shield
rNeg    + . .        r - +2 ring mail {Will+}
rPois   ∞            G - +2 hat {Int+3}
rElec   +            i - +1 cloak
rCorr   .            n - +2 pair of gloves
SInv    +            N - +0 pair of boots
Will    ++...        B - amulet of regeneration
Stlth   +            o - +4 ring of slaying
HPRegen 1.15/turn    q - ring of see invisible
MPRegen 0.13/turn

%: no passive effects
@: flying, slightly contaminated, studying Armour
A: reduced essence, sickness immunity, AC +11, big wings, negative energy
resistance 1, electricity resistance, torment resistance 1, petrification
resistance, large bone plates 1, low MP 1, strong 1, cold vulnerability 1
a: Renounce Religion, Recall Ancestor, Ancestor Identity, Transference, Idealise


You were on level 1 of the Swamp.
You worshipped Hepliaklqana.
Hepliaklqana was extremely pleased with you.
You visited 4 branches of the dungeon, and saw 21 of its levels.

You collected 1286 gold pieces.
You spent 969 gold pieces at shops.

Inventory:

Hand Weapons
 l - the +3 war axe of Context {elec, ^Contam Str+3 Int+4}
   (You found it on level 13 of the Dungeon)

   Str+3:     It affects your strength (+3).
   Int+4:     It affects your intelligence (+4).
   ^Contam:   It causes magical contamination when unequipped.
 U - a +2 war axe of flaming (weapon)
Missiles
 b - 2 atropa-tipped darts
 j - 231 stones (quivered)
 u - 25 poisoned darts
 z - 3 boomerangs
 A - 2 throwing nets
 S - 3 curare-tipped darts
 V - 6 javelins
Armour
 i - a +1 cloak (worn)
 m - a +4 kite shield (worn)
 n - a +2 pair of gloves (worn)
 r - a +2 ring mail of willpower (worn)
 F - a +0 helmet
 G - a +2 hat of intelligence (worn)
 N - a +0 pair of boots (worn)
Jewellery
 d - a ring of fire
 o - a +4 ring of slaying (left hand)
 q - a ring of see invisible (right hand)
 B - an amulet of regeneration (around neck)
 E - a ring of positive energy
 L - a ring of positive energy
 O - a ring of ice
Wands
 C - a wand of iceblast (24)
 J - a wand of flame (28)
 K - a wand of digging (7)
 R - a wand of polymorph (3)
Scrolls
 a - a scroll of torment
 f - 3 scrolls of noise
 g - a scroll of vulnerability
 k - 3 scrolls of teleportation
 p - 4 scrolls of fear
 s - 5 scrolls of immolation
 v - 3 scrolls of revelation
 w - 4 scrolls of poison
 y - 4 scrolls of fog
 W - a scroll of silence
 Y - a scroll of acquirement
Potions
 c - 3 potions of berserk rage
 h - 5 potions of attraction
 t - 4 potions of haste
 x - a potion of resistance {unknown}
 D - 2 potions of brilliance
 H - 4 potions of lignification
 P - a potion of magic
 Q - a potion of might
 T - 6 potions of curing
 X - a potion of mutation
Miscellaneous
 I - a condenser vane


   Skills:
 - Level 15.0 Fighting
 - Level 16.0 Axes
 + Level 19.1 Armour
 - Level 10.0 Shields


You had 14 spell levels left.
You didn't know any spells.
Your spell library contained the following spells:

 Spells                   Type           Power      Damage    Failure   Level
 Foxfire                  Conj/Fire      0%         2x1d4     58%         1
 Freeze                   Ice            0%         1d3       58%         1
 Summon Small Mammal      Summ           0%         N/A       58%         1
 Lesser Beckoning         Tloc           0%         N/A       73%         2
 Mercury Vapours          Alch/Air       0%         N/A       73%         2
 Scorch                   Fire           0%         2d5       73%         2
 Call Canine Familiar     Summ           0%         N/A       91%         3
 Dazzling Flash           Conj/Hex       0%         N/A       91%         3
 Fugue of the Fallen      Necr           0%         N/A       91%         3
 Gell's Gravitas          Tloc           0%         N/A       91%         3
 Mephitic Cloud           Conj/Alch/Air  0%         N/A       91%         3
 Summon Ice Beast         Ice/Summ       0%         N/A       91%         3
 Teleport Other           Tloc           0%         N/A       91%         3
 Tukima's Dance           Hex            0%         N/A       91%         3
 Volatile Blastmotes      Fire/Tloc      0%         2d10      91%         3
 Animate Armour           Summ/Erth      0%         N/A       100%        4
 Flame Wave               Conj/Fire      0%         2d4       100%        4
 Fulminant Prism          Conj/Alch      0%         3d5       100%        4
 Ignite Poison            Fire/Alch      0%         N/A       100%        4
 Iskenderun's Mystic Bla  Conj/Tloc      0%         2d3       100%        4
 Passage of Golubria      Tloc           0%         N/A       100%        4
 Summon Blazeheart Golem  Fire/Summ      0%         N/A       100%        4
 Summon Lightning Spire   Summ/Air       0%         N/A       100%        4
 Borgnjor's Vile Clutch   Necr/Erth      0%         N/A       100%        5
 Curse of Agony           Necr           0%         N/A       100%        5
 Freezing Cloud           Conj/Ice/Air   0%         6-21      100%        5
 Lee's Rapid Deconstruct  Erth           0%         3d4*      100%        5
 Metabolic Englaciation   Hex/Ice        0%         N/A       100%        5
 Silence                  Hex/Air        0%         N/A       100%        5
 Summon Mana Viper        Hex/Summ       0%         N/A       100%        5
 Yara's Violent Unravell  Hex/Alch       0%         3d3       100%        5
 Plasma Beam              Fire/Air       0%         2x1d10    100%        6
 Sculpt Simulacrum        Ice/Alch       0%         N/A       100%        6
 Starburst                Conj/Fire      0%         6d3       100%        6
 Summon Cactus Giant      Summ           0%         N/A       100%        6
 Malign Gateway           Summ/Tloc      0%         N/A       100%        7
 Monstrous Menagerie      Summ           0%         N/A       100%        7
 Ozocubu's Refrigeration  Ice            0%         4d7       100%        7
 Lehudib's Crystal Spear  Conj/Erth      0%         10d2      100%        8
 Summon Horrible Things   Summ           0%         N/A       100%        8
 Polar Vortex             Ice            0%         N/A       100%        9
 Cigotuvi's Dreadful Rot  Necr/Alch/Air  Unusable   N/A       N/A         2

Dungeon Overview and Level Annotations

Branches:
Dungeon (14/15) Temple (1/1) D:7 Lair (5/5) D:8 Swamp (1/4) Lair:3 Snake (0/4) Lair:2 Slime (0/5) Lair:5 Orc (0/2) D:9 Vaults (0/5) D:13 D:14

Altars:
Ashenzari
Cheibriados
Dithmenos
Elyvilon
Fedhas
Gozag
Hepliaklqana
Kikubaaqudgha
Makhleb
Nemelex Xobeh
Okawaru
Qazlal
Ru
Sif Muna
Trog
Uskayaw
Vehumet
Wu Jian
Xom
Yredelemnul
Zin
The Shining One
Jiyva

Shops:
D:1 (   D:3 *   D:5 (   D:6 [([[   D:9 =:*(!

Portals:
Hell: Lair:5


Innate Abilities, Weirdness & Mutations

Your life essence is reduced to manifest your ancestor. (-10% HP)
You are immune to sickness and miasma.
Your stone body is resilient. (AC +11)
You are immune to poison.
Your large and strong wings let you fly.
You resist negative energy. (rN+)
You are resistant to electric shocks. (rElec)
You are resistant to unholy torment.
You are immune to petrification.
You are partially covered in large bone plates. (SH +4)
Your magical capacity is low. (-10% MP)
Your muscles are strong. (Str +4, Int/Dex -1)
You are vulnerable to cold. (rC-)


Message History

The will-o-the-wisp conjures some marshlight!
Your body shudders with the violent release of wild energies!
You feel vulnerable to cold.
You feel less contaminated with magical energies. 2 foxfires come into view.
You hit the tyrant leech. You burn the tyrant leech.
The tyrant leech is lightly wounded.
You hit the will-o-the-wisp. You burn the will-o-the-wisp. You hit the foxfire.
You slice the spriggan druid!! You burn the spriggan druid.
With its final breath, the spriggan druid offers up its power to the beasts of the wild!
The tyrant leech is healed.
The tyrant leech seems to grow more fierce.
You kill the spriggan druid!
The forest abruptly stops moving.
You closely miss the eleionoma.
The foxfire hits you but does no damage.
The foxfire hits you!! The tyrant leech bites you!!
* * * LOW HITPOINT WARNING * * *
Okay, then.
You feel much better.
You are engulfed in a cloud of scalding steam.
You block the eleionoma's attack.
The will-o-the-wisp gestures.
The will-o-the-wisp conjures some marshlight!
Nkonkoni gestures at the spriggan while chanting.
The spriggan resists with almost no effort.
You block the tyrant leech's attack. 2 foxfires come into view.
Unknown command.
Unknown command.
Unknown command.
Unknown command.
Okay, then.
As you read the scroll of fear, it crumbles to dust.
You assume a fearsome visage.
The foxfire is unaffected. x2
The spriggan looks frightened!
The tyrant leech looks frightened!
The eleionoma resists with almost no effort.
The will-o-the-wisp is unaffected.
The foxfire hits you!
* * * LOW HITPOINT WARNING * * *
The foxfire hits you!!
You die...

....~...♣♣♣~♣♣♣....~...≈
~~.~..........♣ ♣♣~~~..≈
~~.....§~~~~~~♣♣♣..~~.♣R
~...~.~~~§~~~~♣~......♣.
...§i~~~~~~~~~♣..~......
.~~~~~§.R~..>♣♣....~.~.~
...~§~.~..>..~..~.♣♣♣.~.
♣♣~~~~§).....~..§.~♣~...
♣~..~~w@§....~.~~~..~.~.
......Rvv..~~~..~~...~~~
~§..~♣§§§..~~~~.~~~~~~~~
~~~♣♣♣~...♣♣.§.~~~.~~~~§
.. .~>..~.......~~~~~~~
~ ~~...~~.♣...~.~§~~~.
~~~~~....~~.~~~~~~..
.~~~~~..~♣♣


You could see the friendly Nkonkoni the hexer, an eleionoma, a tyrant leech
(strong, fleeing), a will-o-the-wisp and a spriggan (paralysed, confused,
fleeing, ally target).

Vanquished Creatures
  2 bunyips (Swamp:1)
  A dire elephant (Lair:5)
  5 hydras
  2 centaur warriors
  3 boulder beetles
  4 catoblepae
  4 two-headed ogres
  Urug (D:14)
  5 death yaks (Lair:1)
  A tengu warrior (D:13)
  Amaemon (Lair:2)
  A skyshark (Lair:4)
  A sixfirhy (Lair:5)
  A goliath frog (Swamp:1)
  2 spriggan druids
  An arcanist (Lair:5)
  A swamp dragon (Lair:4)
  A harpy (shapeshifter) (D:13)
  A deep elf pyromancer (D:13)
  A cyclops (D:13)
  A salamander (Lair:2)
  2 ugly things (D:12)
  3 black mambas
  11 elephants
  A gargoyle (D:10)
  2 torpor snails
  2 orange demons
  A kobold demonologist (D:10)
  5 rime drakes
  13 cane toads
  An unseen horror (D:11)
  3 komodo dragons
  A tengu conjurer (D:13)
  A red devil (Lair:5)
  A polar bear (Lair:5)
  2 trolls
  A troll (shapeshifter) (D:13)
  A hellwing (Lair:5)
  A merfolk (D:7)
  A hornet (Swamp:1)
  Grinder (D:5)
  A tyrant leech (Swamp:1)
  15 blink frogs
  5 dream sheep
  7 slime creatures
  A shadow (D:9)
  4 spriggans
  2 wraiths
  A centaur simulacrum (D:14)
  A yak (shapeshifter) (D:13)
  A vampire (D:13)
  A basilisk (shapeshifter) (D:14)
  59 yaks
  4 basilisks
  Eustachio (D:4)
  2 wyverns (Lair:3)
  15 humans
  Grum (D:9)
  2 steam dragons
  2 vampire mosquitoes (D:12)
  2 acid dragons
  A swamp worm (Swamp:1)
  4 hell hounds (Lair:5)
  13 water moccasins
  A sky beast (D:8)
  9 orc warriors
  4 ogres
  2 black bears
  16 wolves
  5 centaurs
  4 kobold brigands
  Blork the orc (D:6)
  13 bullfrogs
  A gnoll sergeant (D:8)
  2 scorpions (D:8)
  13 wights
  A hexer (Lair:2)
  6 killer bees (D:9)
  3 electric eels
  2 howler monkeys
  2 lava snakes (Lair:2)
  4 bombardier beetles
  2 hounds
  8 orc priests
  A sleepcap (D:4)
  2 gnoll boudas
  2 jellies
  3 iguanas
  12 orc wizards
  17 gnolls
  3 adders
  A white imp (D:6)
  2 ufetubi (D:6)
  2 ribbon worms (D:3)
  36 orcs
  5 ball pythons
  9 endoplasms
  6 giant cockroaches
  6 goblins
  7 hobgoblins
  19 kobolds
  3 quokkas
  2 bats
  4 frilled lizards
  6 rats
486 creatures vanquished.

Vanquished Creatures (collateral kills)
  The ghost of Isoebuom the Tortoise, a journeyman MiFi of Yredelemnul (Lair:3)
  Snorg (Lair:4)
  A catoblepas (Lair:5)
  2 hydras (Lair:5)
  A two-headed ogre (D:13)
  3 boulder beetles
  A death yak (Lair:1)
  2 spriggans
  A spriggan druid (Lair:3)
  An ugly thing (D:13)
  3 cyclopes
  5 elephants
  A black mamba (Lair:1)
  2 orange demons (Lair:5)
  A cane toad (Lair:4)
  A rime drake (Lair:5)
  3 komodo dragons
  A red devil (Lair:5)
  A polar bear (Lair:1)
  4 hornets
  A tyrant leech (Lair:3)
  5 blink frogs
  2 dream sheep (Lair:4)
  3 slime creatures (D:13)
  A wyvern (D:11)
  5 yaks
  A human (D:14)
  A vampire mosquito (D:12)
  A basilisk (Lair:3)
  A swamp worm (Swamp:1)
  A water moccasin (Lair:5)
  3 wolves
  A centaur (D:12)
  3 bullfrogs
  A lava snake (Lair:2)
  3 orcs
69 creatures vanquished.

Vanquished Creatures (others)
  A wraith (D:12)
  4 hexers
  2 ancestors
  An orc wizard (D:11)
  7 foxfires (Swamp:1)
15 creatures vanquished.

Grand Total: 570 creatures vanquished

Notes
Turn   | Place    | Note
-------+----------+-------------------------------------------
     0 | D:1      | yey the Gargoyle Fighter began the quest for the Orb.
     0 | D:1      | Reached XP level 1. HP: 14/14 MP: 1/1
   117 | D:1      | Reached XP level 2. HP: 13/19 MP: 2/2
   696 | D:1      | Found Haisoej's Antique Weapon Shop.
   768 | D:1      | Reached XP level 3. HP: 23/23 MP: 3/3
   978 | D:2      | Found a shadowy altar of Dithmenos.
  1800 | D:3      | Reached XP level 4. HP: 28/28 MP: 4/4
  1900 | D:3      | Reached XP level 5. HP: 9/32 MP: 5/5
  1964 | D:3      | Found Melaejec's Assorted Antiques.
  1980 | D:3      | Bought a pearl ring for 135 gold pieces
  2209 | D:3      | Found a blossoming altar of Fedhas.
  2277 | D:4      | Reached skill level 5 in Axes
  2293 | D:4      | Noticed Eustachio
  2319 | D:4      | Reached XP level 6. HP: 23/37 MP: 6/6
  2589 | D:4      | Killed Eustachio
  2590 | D:4      | Reached XP level 7. HP: 32/41 MP: 7/7
  2750 | D:4      | Found a snail-covered altar of Cheibriados.
  3106 | D:4      | Found a broken altar of Ashenzari.
  3106 | D:4      | Found an opulent altar of Gozag.
  3139 | D:5      | Entered Level 5 of the Dungeon
  3210 | D:5      | Noticed Grinder
  3210 | D:5      | Paralysed by Grinder for 3 turns
  3216 | D:5      | Paralysed by Grinder for 3 turns
  3227 | D:5      | Killed Grinder
  3392 | D:4      | Reached XP level 8. HP: 37/46 MP: 8/8
  3467 | D:5      | Found Kiafat's Hydra Hut.
  3470 | D:5      | Noticed a six-headed hydra
  4083 | D:5      | Found a basalt altar of Yredelemnul.
  4431 | D:3      | Bought a scroll of teleportation for 81 gold pieces
  4431 | D:3      | Bought a scroll of teleportation for 81 gold pieces
  4581 | D:6      | Found Oxkah's Antique Armour Shoppe.
  4602 | D:6      | Found Tafuelov's Armour Boutique.
  5030 | D:6      | Found Aguxkud's Weapon Shop.
  5071 | D:6      | Found Jydye's Armour Shoppe.
  5286 | D:6      | Noticed Blork the orc
  5298 | D:6      | Killed Blork the orc
  5378 | D:7      | Found a staircase to the Ecumenical Temple.
  5399 | Temple   | Entered the Ecumenical Temple
  5431 | D:7      | You fall into a shaft and drop 3 floors!
  5431 | D:10     | Entered Level 10 of the Dungeon
  5504 | D:9      | Found an ancient bone altar of Kikubaaqudgha.
  5525 | D:9      | Found a stormy altar of Qazlal.
  5544 | D:9      | Noticed a wraith
  5552 | D:9      | Killed a wraith
  5553 | D:9      | Reached skill level 5 in Fighting
  5553 | D:9      | Reached skill level 10 in Axes
  5553 | D:9      | Reached XP level 9. HP: 39/54 MP: 9/9
  5665 | D:9      | Found a staircase to the Orcish Mines.
  5679 | D:9      | Found Fyadgh's Distillery.
  5691 | D:8      | Noticed an elephant
  5694 | D:8      | Noticed an elephant
  6118 | D:7      | Found a sparkling altar of Nemelex Xobeh.
  6280 | D:7      | Reached skill level 4 in Armour
  6496 | D:8      | Noticed a merfolk
  6500 | D:8      | Reached skill level 5 in Armour
  6531 | D:7      | Killed a merfolk
  6747 | D:8      | Reached skill level 6 in Armour
  6760 | D:8      | Reached XP level 10. HP: 48/60 MP: 10/10
  6772 | D:8      | Found an ornate altar of the Wu Jian Council.
  6848 | D:8      | Reached skill level 9 in Armour
  6848 | D:8      | Reached skill level 10 in Shields
  6848 | D:8      | Reached XP level 11. HP: 64/64 MP: 11/11
  7054 | D:8      | Found a staircase to the Lair.
  7462 | D:8      | Found a hazy altar of Hepliaklqana.
  7468 | D:8      | Became a worshipper of Hepliaklqana the Forgotten
  7477 | D:8      | Found a sacrificial altar of Ru.
  7655 | D:9      | Found Zoweuvat's Weapon Shop.
  7793 | D:9      | Noticed a two-headed ogre
  7793 | D:9      | Noticed a two-headed ogre
  7803 | D:9      | Killed a two-headed ogre
  7807 | D:9      | Killed a two-headed ogre
  7826 | D:9      | Found Xinec's Jewellery Shop.
  7832 | D:9      | Found a white marble altar of Elyvilon.
  7925 | D:9      | Noticed Grum
  7941 | D:9      | Killed Grum
  7949 | D:9      | Found Boffeb's Book Boutique.
  7958 | D:9      | Found Ymimules's General Store.
  7964 | D:9      | Bought a scroll of identify for 20 gold pieces
  7964 | D:9      | Bought a potion of mutation for 80 gold pieces
  7964 | D:9      | Bought a scroll of fear for 40 gold pieces
  7964 | D:9      | Gained mutation: You occasionally lose the ability to drink
                  | potions when taking damage. [potion of mutation]
  7964 | D:9      | Gained mutation: Your muscles are strong. (Str +4, Int/Dex
                  | -1) [potion of mutation]
  7964 | D:9      | Gained mutation: Your body sometimes deteriorates upon
                  | taking damage. [potion of mutation]
  8032 | D:9      | Bought a potion of mutation for 112 gold pieces
  8032 | D:9      | Lost mutation: Your body sometimes deteriorates upon taking
                  | damage. [potion of mutation]
  8032 | D:9      | Lost mutation: Your muscles are strong. (Str +4, Int/Dex
                  | -1) [potion of mutation]
  8032 | D:9      | Gained mutation: Your muscles are strong. (Str +4, Int/Dex
                  | -1) [potion of mutation]
  8226 | D:9      | Found an iron altar of Okawaru.
  8598 | D:10     | Noticed a two-headed ogre
  8617 | D:10     | Killed a two-headed ogre
  8618 | D:10     | Reached XP level 12. HP: 53/76 MP: 12/12
  8628 | D:10     | Found a shadowy altar of Dithmenos.
  8765 | D:10     | Reached * piety under Hepliaklqana
  9159 | D:10     | Found a glowing silver altar of Zin.
  9243 | D:11     | Reached skill level 10 in Fighting
  9400 | D:11     | Noticed a boulder beetle
  9429 | D:11     | Killed a boulder beetle
  9924 | D:11     | Reached ** piety under Hepliaklqana
  9925 | D:11     | Remembered your ancestor Nkonkoni as a hexer
 10358 | D:12     | Noticed a boulder beetle
 10542 | D:11     | Lost mutation: You occasionally lose the ability to drink
                  | potions when taking damage. [potion of mutation]
 10542 | D:11     | Lost mutation: Your muscles are strong. (Str +4, Int/Dex
                  | -1) [potion of mutation]
 10542 | D:11     | Gained mutation: You are frail. (-10% HP) [potion of
                  | mutation]
 10562 | D:12     | Killed a boulder beetle
 10780 | D:12     | Found a shimmering altar of Xom.
 10892 | D:13     | Noticed a boulder beetle
 10914 | D:13     | Killed a boulder beetle
 11085 | D:13     | Noticed a tengu warrior
 11095 | D:13     | Killed a tengu warrior
 11211 | D:13     | Reached XP level 13. HP: 16/67 MP: 4/13
 11519 | D:13     | Identified the +3 war axe of Context {elec, ^Contam Str+3
                  | Int+4}
 11657 | D:13     | Found a hide-covered altar of Uskayaw.
 11701 | D:13     | Reached skill level 15 in Axes
 12182 | D:14     | Noticed Urug
 12182 | D:14     | Found a gate to the Vaults.
 12189 | D:14     | Killed Urug
 12458 | D:14     | Reached *** piety under Hepliaklqana
 12564 | Lair:1   | Entered Level 1 of the Lair of Beasts
 13051 | Lair:1   | Lost mutation: You are frail. (-10% HP) [potion of
                  | mutation]
 13051 | Lair:1   | Gained mutation: You are partially covered in large bone
                  | plates. (SH +4) [potion of mutation]
 13051 | Lair:1   | Gained mutation: Your magical capacity is low. (-10% MP)
                  | [potion of mutation]
 13051 | Lair:1   | Gained mutation: Your muscles are strong. (Str +4, Int/Dex
                  | -1) [potion of mutation]
 13078 | Lair:1   | Gained mutation: Your large and strong wings let you fly.
                  | [Gargoyle growth]
 13078 | Lair:1   | Reached XP level 14. HP: 33/85 MP: 3/12
 13818 | Lair:2   | Reached **** piety under Hepliaklqana
 13930 | D:9      | Bought an amulet of regeneration for 420 gold pieces
 14239 | Lair:2   | Noticed Amaemon
 14270 | Lair:2   | Killed Amaemon
 14461 | Lair:2   | Found a staircase to the Snake Pit.
 14473 | Lair:2   | Reached skill level 15 in Fighting
 14904 | Lair:3   | Reached skill level 10 in Armour
 15093 | Lair:3   | Noticed Isoebuom's ghost (journeyman MiFi)
 15108 | Lair:3   | Found a transporter.
 15111 | Lair:3   | Found a transporter.
 15176 | Lair:3   | Killed Isoebuom's ghost
 15177 | Lair:3   | Reached skill level 11 in Armour
 15533 | Lair:3   | HP: 2/88 [spriggan druid/+0 quarterstaff (11)]
 15537 | Lair:3   | Reached skill level 12 in Armour
 15585 | Lair:3   | Found a staircase to the Swamp.
 15630 | Lair:3   | Reached ***** piety under Hepliaklqana
 15674 | Lair:3   | Got the Octavo of Frostbite and Resurrection
 16055 | Lair:4   | Noticed Snorg
 16063 | Lair:4   | Killed Snorg
 16080 | Lair:4   | Found a radiant altar of Vehumet.
 16113 | Lair:4   | Reached skill level 13 in Armour
 16226 | Lair:4   | Identified the +0 war axe of Subjectivity {speed, rElec rC-
                  | rN+}
 16269 | Lair:4   | Reached XP level 15. HP: 92/92 MP: 13/13
 16961 | Lair:4   | Reached skill level 14 in Armour
 17286 | Lair:5   | Entered Level 5 of the Lair of Beasts
 17286 | Lair:5   | Noticed Nessos
 17386 | Lair:4   | Nessos changed into Nessos the swamp dragon
 17386 | Lair:4   | Noticed Nessos
 17391 | Lair:4   | Killed Nessos the swamp dragon
 17602 | Lair:5   | Identified 2 scrolls of acquirement
 17602 | Lair:5   | Acquired a manual of Armour
 17643 | Lair:5   | Reached skill level 15 in Armour
 17716 | Lair:5   | Found a staircase to the Slime Pits.
 17716 | Lair:5   | Found a viscous altar of Jiyva.
 17869 | Lair:5   | Reached skill level 16 in Armour
 18195 | Lair:5   | Reached skill level 17 in Armour
 18220 | Lair:5   | Found a burning altar of Makhleb.
 18284 | Lair:5   | Found a gateway to Hell.
 18533 | Swamp:1  | Entered Level 1 of the Swamp
 18545 | Swamp:1  | Reached skill level 18 in Armour
 18697 | Swamp:1  | Reached skill level 19 in Armour
 18697 | Swamp:1  | Gained mutation: You are vulnerable to cold. (rC-)
                  | [mutagenic glow]
 18698 | Swamp:1  | HP: 4/92 [tyrant leech (26)]
 18700 | Swamp:1  | Killed from afar by a will-o-the-wisp

Illustrated notes

Levels and vault maps discovered:
D:1:      lightli_iron_boxes, layout_basic, serial_shops,
          nicolae_shop_back_alley_shop
D:2:      layout_basic, basic_altar
D:3:      minmay_spotlight, layout_basic, fedhas_altar_2, serial_shops, shop,
          minmay_misc_feat_ornament
D:4:      layout_cave_pools, gammafunk_temple_overflow_pools, marbit_many_paths,
          uniq_eustachio
D:5:      layout_loops_corners, mainiacjoe_overflow_six_doors_small,
          doesnt_shop_hydraphobe, uniq_grinder
D:6:      layout_gridville, serial_shops, nicolae_diamond_shop,
          nicolae_shop_crystal, nicolae_shop_advertising_works
          [nicolae_subvault_shop_adworks], nicolae_shop_stone,
          dk_noncrumbling_3, uniq_blork_the_orc
D:7:      layout_gridville, nemelex_dance_club_becter,
          minmay_temple_entry_steel_oval
D:8:      layout_basic, amethyst_overflow_temple_binary,
          grunt_lair_entry_orc_guard_hut, roadster_trireme
D:9:      layout_loops_ring, nicolae_kikubaaqudgha_miasma_corner,
          mainiacjoe_overflow_cross_hatched, mainiacjoe_overflow_paths,
          elyvilon_altar_5, orc_0_dummy, serial_shops, shop,
          nicolae_shop_bloodbath_and_beyond, nicolae_shop_rolling_square, shop,
          shop, uniq_grum
D:10:     layout_irregular_city, nicolae_dithmenos_shadow_blocks,
          kennysheep_mini_moat, st_stairs_5, kennysheep_pointless_box
D:11:     layout_stronghold, lemuel_flamethrower_hall
D:12:     lemuel_flame_loot_2, layout_rooms, tgw_xom
D:13:     layout_stronghold, eat_drink_and_be_merry_uskayaw
D:14:     layout_basic, david_vaults_3, serial_shops, shop, shop,
          columned_hall_lemuel, uniq_azrael
Temple:   nicolae_temple_two_arcs
Lair:1:   layout_cave_pods, dreamdust_gnoll_shepherd, lemuel_fruit_tree,
          serial_bayou_shore_a
Lair:2:   layout_regular_city, nicolae_snake_entry_warm_welcome,
          serial_bayou_lagoon_a, minivault_25, uniq_amaemon
Lair:3:   layout_loops_ring, mainiacjoe_swamp_entry_angry_trees,
          gammafunk_ghost_arena, grunt_megastairs_3, serial_bayou_shore_b,
          uniq_urug
Lair:4:   layout_regular_city, basic_altar, serial_rivers,
          chequers_serial_rivers_room_a, chequers_serial_rivers_micro_c,
          chequers_serial_rivers_micro_e, chequers_serial_rivers_small_b,
          chequers_serial_rivers_room_a, chequers_serial_rivers_small_a,
          uniq_snorg
Lair:5:   evil_forest, layout_gridlike, slime_entry_1, uniq_nessos
Swamp:1:  layout_basic_swamp, hangedman_swamp_ruin_wall, swamp_pool_3,
          infiniplex_staircase_pool

Skill      XL: |  1  2  3  4  5  6  7  8  9 10 11 12 13 14 15 |
---------------+----------------------------------------------+-----
Axes           | 2 3 4 5 6 8 10 11 12 14 16 | 16.0
Fighting       | 5 6 9 11 13 15 | 15.0
Armour         | 6 9 13 19 | 19.1
Shields        | 10 | 10.0

Action                     |  1- 3 |  4- 6 |  7- 9 | 10-12 | 13-15 || total
---------------------------+-------+-------+-------+-------+-------++-------
  Melee: War axe           |    92 |   109 |   300 |   533 |   689 ||  1723
  Throw: Dart              |       |     2 |     3 |     1 |       ||     6
         Stone             |       |       |     1 |     1 |       ||     2
 Invoke: Recall Ancestor   |       |       |       |     3 |    14 ||    17
         Ancestor Life: He |       |       |       |     1 |       ||     1
         Transference      |       |       |       |       |     3 ||     3
  Evoke: Wand              |       |       |     6 |     2 |    13 ||    21
    Use: Scroll            |     5 |     1 |     4 |     8 |    17 ||    35
         Potion            |       |     6 |     4 |     6 |     5 ||    21
   Stab: Confused          |       |       |       |     8 |    20 ||    28
         Distracted        |       |       |       |     1 |    13 ||    14
         Paralysed         |       |       |       |       |    18 ||    18
 Armour: Scale mail        |    38 |       |       |       |       ||    38
         Ring mail         |     3 |   178 |   264 |   279 |   431 ||  1155
  Dodge: Dodged            |    42 |   116 |   148 |   153 |   184 ||   643
  Block: Buckler           |    20 |    38 |     1 |       |       ||    59
         Kite shield       |       |       |   143 |   347 |   629 ||  1119
         Form:             |     1 |       |       |       |       ||     1
         Beast             |     1 |       |       |       |       ||     1
